 Dungeon Crawl Stone Soup version 0.31.0-32-g396128a36d (webtiles) character file.

Game seed: 4709568277409741665

41 Heraclea the Apothecary (level 3, 0/17 HPs)
             Began as a Vine Stalker Alchemist on Mar 20, 2024.
             Slain by a hobgoblin (4 damage)
             ... led by Robin
             ... on level 2 of the Dungeon.
             The game lasted 00:05:21 (1704 turns).

Heraclea the Apothecary (Vine Stalker Alchemist)    Turns: 1704, Time: 00:05:22

Health: 0/17       AC:  3    Str: 16    XL:     3   Next: 52%
Magic:  0/7        EV: 12    Int: 17    God:
Gold:   78         SH:  0    Dex: 14    Spells: 1/7 levels left

rFire   . . .        (no weapon)
rCold   . . .        (no shield)
rNeg    . . .        a - +1 robe
rPois   .            (no helmet)
rElec   .            (no cloak)
rCorr   .            (no gloves)
SInv    .            (no boots)
Will    .....        (no amulet)
Stlth   ++           h - +6 ring of strength
HPRegen 1.02/turn    (no ring)
MPRegen 0.10/turn

%: guardian spirit
@: mighty
A: fangs 2, regeneration 1, magic shield, antimagic bite, no potion heal 2
a: no special abilities


You were on level 2 of the Dungeon.
You visited 1 branch of the dungeon, and saw 2 of its levels.

You collected 78 gold pieces.

Inventory:

Armour
 a - a +1 robe (worn)
Jewellery
 h - a +6 ring of strength (left hand)
Talismans
 b - a serpent talisman
Wands
 i - a wand of polymorph (15)
Potions
 c - a potion of ambrosia {unknown}
 d - a potion of magic
 e - a potion of brilliance {unknown}
 f - a potion of curing {unknown}
 k - a potion of attraction {unknown}


   Skills:
 * Level 0.4 Fighting
 * Level 0.4 Armour
 * Level 1.6 Dodging
 * Level 2.7 Stealth
 * Level 2.5 Spellcasting
 * Level 1.1 Conjurations
 * Level 0.6 Air Magic
 * Level 3.5 Alchemy
 * Level 0.1 Evocations


You had one spell level left.
You knew the following spells:

 Your Spells              Type           Power      Damage    Failure   Level
a - Sting                 Conj/Alch      40%        1d5       7%          1
b - Mercury Vapours       Alch/Air       18%        N/A       12%         2
c - Mephitic Cloud        Conj/Alch/Air  8%         N/A       26%         3

Your spell library contained the following spells:

 Spells                   Type           Power      Damage    Failure   Level
 Apportation              Tloc           4%         N/A       19%         1
 Jinxbite                 Hex            4%         N/A       28%         2
 Stone Arrow              Conj/Erth      8%         3d7       41%         3
 Olgreb's Toxic Radiance  Alch           14%        N/A       41%         4
 Volatile Blastmotes      Fire/Tloc      4%         2d10      50%         3
 Fulminant Prism          Conj/Alch      5%         3d7       56%         4
 Sticky Flame             Fire/Alch      8%         2d4       65%         4
 Alistair's Intoxication  Alch           9%         N/A       77%         5
 Iskenderun's Mystic Bla  Conj/Tloc      4%         2d3       82%         4
 Animate Armour           Summ/Erth      4%         N/A       88%         4
 Lehudib's Crystal Spear  Conj/Erth      2%         10d2      100%        8


Dungeon Overview and Level Annotations

Branches:
Dungeon (2/15)

Altars:
Vehumet

Shops:
D:2 [[

Annotations:
D:2 Robin


Innate Abilities, Weirdness & Mutations

You have extremely sharp teeth.
Your natural rate of healing is unusually fast.
When hurt, damage is shared between your health and your magic reserves.
Your bite disrupts and absorbs the magic of your enemies.
Potions cannot restore your health.


Message History

The hobgoblin is poisoned.
The hobgoblin is moderately wounded.
The hobgoblin barely misses you.
You hit the hobgoblin.
You kill the hobgoblin!
The hobgoblin hits you but does no damage.
The hobgoblin no longer looks unusually strong.
The hobgoblin attacks as it pursues you!
The hobgoblin hits you.
Your magical contamination has completely faded away.
Things that are here:
a +0 dagger; a +0 dagger; a goblin corpse Robin shouts!
The hobgoblin shouts!
The goblin shouts!
Robin throws the goblin at you! The goblin hits you with a +0 club.
Magic courses through your body.
Robin roars a battlecry!
The goblin goes into a battle-frenzy!
The goblin hits you with a +0 club.
The hobgoblin hits you but does no damage.
Unknown command.
Casting: Sting (safe; 7% risk of failure)
Confirm with . or Enter, or press ? or * to list all spells.
Aiming: Sting (safe; 7% risk of failure)
Press: ? - help, Shift-Dir - straight line, f - goblin
Aim: a goblin, wielding a +0 club (strong, 64% to hit)
The sting hits the goblin.
The goblin is poisoned.
The goblin is heavily wounded.
The goblin hits you with a +0 club.
* * * LOW HITPOINT WARNING * * *
The hobgoblin barely misses you.
You hit the goblin.
You kill the goblin!
The hobgoblin barely misses you.
You aren't carrying any scrolls.
Unknown command.
You feel very mighty all of a sudden. Robin throws the goblin at you!
The goblin hits you with a +0 dagger.
* * * LOW HITPOINT WARNING * * *
The hobgoblin hits you.
You die...

รท###.#........#
.......#.####.#######
##.>.)...............
.....##.#####.#######
......#.# #.#
.#.##.#.# #.#
.#.##.#.#####.####
.#.##.#.#...gg.gg#
.#.#..#.##.##.##@#
.#.##.#.#. #.##g#
.#.##.# # #.##g#
.#.##.# #g##.#
.#.##.# #.##.#
.#.##.# #g##.#
.#....# .g##.#
####### ..# ...


You could see Robin, 4 hobgoblins and a goblin (strong).

Vanquished Creatures
  A bat (D:2)
  5 endoplasms
  A giant cockroach (D:1)
  3 hobgoblins
  4 kobolds (D:1)
  2 quokkas (D:1)
  4 ball pythons
  4 frilled lizards
  7 goblins
  6 rats
37 creatures vanquished.

Notes
Turn   | Place    | Note
-------+----------+-------------------------------------------
     0 | D:1      | Heraclea the Vine Stalker Alchemist began the quest for the
                  | Orb.
     0 | D:1      | Reached XP level 1. HP: 9/9 MP: 4/4
   187 | D:1      | Reached XP level 2. HP: 13/13 MP: 4/6
   190 | D:1      | Learned a level 2 spell: Mercury Vapours
  1045 | D:2      | Reached XP level 3. HP: 17/17 MP: 5/7
  1049 | D:2      | Learned a level 3 spell: Mephitic Cloud
  1068 | D:2      | Found Nudub's Antique Armour Emporium.
  1379 | D:2      | Found a radiant altar of Vehumet.
  1533 | D:2      | Found Zijoe's Armour Boutique.
  1683 | D:2      | Noticed Robin
  1704 | D:2      | Slain by a hobgoblin

Illustrated notes

Levels and vault maps discovered:
D:1:      co_arrival_random_square_maze, layout_rooms
D:2:      layout_basic, basic_altar, serial_shops, shop,
          nicolae_shop_rolling_square, shop, nicolae_shop_advertising_works
          [nicolae_subvault_shop_adworks], chequers_mini_garden, uniq_robin

Action                     || total
---------------------------++-------
  Melee: Unarmed           ||     5
   Cast: Sting             ||    29
         Mercury Vapours   ||    15
         Mephitic Cloud    ||     1
    Use: Potion            ||     3
         Scroll            ||     5
 Armour: Robe              ||    34
  Dodge: Dodged            ||    34
